 Dungeon Crawl Stone Soup version 0.30-a0-953-g5f1da4a474 (webtiles) character file.

Game seed: 14734064125628585210

795 gelatine the Chopper (level 7, -4/54 HPs)
             Began as a Demonspawn Fighter on Mar 29, 2023.
             Killed by divine providence
             ... invoked by an orc priest
              (14 damage)
             ... on level 5 of the Dungeon.
             The game lasted 00:09:17 (4488 turns).

gelatine the Chopper (Demonspawn Fighter)           Turns: 4488, Time: 00:09:17

Health: -4/54      AC:  8    Str: 18    XL:     7   Next: 58%
Magic:  9/9        EV: 12    Int:  9    God:
Gold:   256        SH:  5    Dex: 13    Spells: 7/9 levels left

rFire   . . .      SeeInvis .    a - +0 war axe
rCold   + . .      Faith    .    c - +0 buckler
rNeg    . . .      Spirit   .    w - +1 robe {rC+}
rPois   .          Reflect  .    (no helmet)
rElec   .          Rampage  .    f - +1 cloak
rCorr   .                        (gloves unavailable)
Will    .....                    (no boots)
Stlth   +                        (no amulet)
HPRegen 0.29/turn                (no ring)
MPRegen 0.11/turn                (no ring)

@: no status effects
A: claws 3, thin metallic scales 2, foul stench 1
a: no special abilities


You were on level 5 of the Dungeon.
You visited 1 branch of the dungeon, and saw 5 of its levels.

You collected 256 gold pieces.

Inventory:

Hand Weapons
 a - a +0 war axe (weapon)
Missiles
 b - 3 javelins (quivered)
Armour
 c - a +0 buckler (worn)
 f - a +1 cloak (worn)
 w - a +1 robe of cold resistance (worn)
Jewellery
 h - the Hermit's Pendant {Faith Invo=14 Evo=0 MP+5}
   (You found it on level 4 of the Dungeon)

   [amulet of faith]

   Invo=14: It sets your Invocations skill to 14.
   Evo=0: It sets your Evocations skill to 0.
   It allows you to gain divine favour quickly.
   MP:        It affects your magic capacity (+5).
Wands
 p - a wand of quicksilver (5)
Potions
 d - a potion of might
 e - 2 potions of cancellation
 g - 3 potions of magic
 i - a potion of flight {unknown}
 l - a potion of degeneration {unknown}
 m - 3 potions of haste {unknown}
 n - 2 potions of curing {unknown}
 o - a potion of invisibility {unknown}
 t - a potion of resistance {unknown}


   Skills:
 * Level 4.1 Fighting
 * Level 4.5 Axes
 + Level 0.7 Throwing
 * Level 3.7 Armour
 * Level 2.2 Dodging
 + Level 0.1 Stealth
 * Level 3.5 Shields
 * Level 1.9 Spellcasting
 * Level 2.0 Conjurations
 * Level 1.6 Air Magic


You had 7 spell levels left.
You knew the following spells:

 Your Spells              Type           Power      Damage    Failure   Level
a - Static Discharge      Conj/Air       8%         2-3/arc   32%         2

Your spell library contained the following spells:

 Spells                   Type           Power      Damage    Failure   Level
 Vhi's Electric Charge    Tloc/Air       4%         N/A       67%         3
 Arcjolt                  Conj/Air       2%         1d12      99%         5
 Plasma Beam              Fire/Air       1%         2x1d8     100%        5


Dungeon Overview and Level Annotations

Branches:
Dungeon (5/15)
 Temple: D:4-7

Altars:
Kikubaaqudgha
Yredelemnul


Innate Abilities, Weirdness & Mutations

You have claws for hands.
You are mostly covered in thin metallic scales. (AC +3)
You may rarely emit foul miasma when damaged in melee.


Message History

The orc priest calls down the wrath of Beogh upon you.
Beogh smites you!
You slash the iguana!
You kill the iguana!
The kobold closely misses you.
You barely miss the kobold. The kobold misses you.
You slash the kobold!
You kill the kobold!
The orc priest looks encouraged for a moment.
You hit the orc priest.
The orc priest is lightly wounded.
You hit the orc.
The orc is heavily wounded.
The orc hits you but does no damage.
You barely miss the orc.
The orc is heavily wounded.
The orc barely misses you.
You slash the orc!
You kill the orc!
You hit the kobold.
You kill the kobold!
You block the orc's attack.
A kobold comes into view. It is wielding a +0 dagger.
A kobold brigand comes into view.
It is wielding a +0 short sword and quivering poisoned darts.
The orc priest invokes the aid of Beogh against you.
Beogh smites you!
The orc priest calls upon Beogh to heal the orc priest.
The orc priest's wounds heal themselves!
The kobold shouts!
You hit the orc but do no damage. You block the orc's attack.
The orc priest calls down the wrath of Beogh upon you.
Beogh smites you!
* * * LOW HITPOINT WARNING * * *
You hit the orc but do no damage. The orc misses you.
A kobold comes into view.
It is wielding a +0 whip and quivering poisoned darts.
You hit the orc but do no damage. You block the orc's attack.
The orc barely misses you.
The orc priest calls down the wrath of Beogh upon you.
Beogh smites you!
You die...

#.###......
...#....###
#####......K.o.
...............
#........o..
#.#.KK...#
#.Koo#####
#..#o## #. #@#
######## #. #.#
#<.....# ..
#.########.# ..
#.....# #.# .
#####.# #†# #.#
#.# #########.#
#.# #...#.....#
#.# #.#.#.....#
#.#


You could see 2 orc priests, an orc and 4 kobolds.

Vanquished Creatures
  Sigmund (D:3)
  A centaur (D:4)
  An ogre (D:4)
  A phantom (D:4)
  A scorpion (D:5)
  A vampire bat (D:3)
  An orc priest (D:4)
  A hound (D:4)
  2 iguanas
  6 adders
  2 dart slugs
  A worm (D:4)
  9 orcs
  6 ball pythons
  6 bats
  4 bat skeletons (D:3)
  2 bat zombies (D:3)
  9 endoplasms
  5 giant cockroaches
  7 hobgoblins
  9 jackals
  5 kobolds
  5 quokkas
  4 frilled lizards
  11 goblins
  4 rats
105 creatures vanquished.

Notes
Turn   | Place    | Note
-------+----------+-------------------------------------------
     0 | D:1      | gelatine the Demonspawn Fighter began the quest for the
                  | Orb.
     0 | D:1      | Reached XP level 1. HP: 18/18 MP: 1/1
   124 | D:1      | Gained mutation: You are partially covered in thin metallic
                  | scales. (AC +2) [demonic ancestry]
   124 | D:1      | Reached XP level 2. HP: 22/24 MP: 2/2
   544 | D:1      | Gained mutation: You have sharp fingernails. [demonic
                  | ancestry]
   544 | D:1      | Reached XP level 3. HP: 24/29 MP: 3/3
   921 | D:2      | Learned a level 2 spell: Static Discharge
  1726 | D:2      | Gained mutation: You may rarely emit foul miasma when
                  | damaged in melee. [demonic ancestry]
  1726 | D:2      | Reached XP level 4. HP: 35/35 MP: 4/4
  1959 | D:3      | Identified the +2 leather armour "Fautum" {rPois rC+
                  | Regen+}
  2116 | D:3      | Found an ancient bone altar of Kikubaaqudgha.
  2125 | D:3      | Reached skill level 1 in Dodging
  2180 | D:3      | Found a basalt altar of Yredelemnul.
  2387 | D:3      | Noticed Sigmund
  2398 | D:3      | Killed Sigmund
  2399 | D:3      | Reached skill level 1 in Spellcasting
  2399 | D:3      | Reached skill level 1 in Conjurations
  2399 | D:3      | Reached skill level 1 in Air Magic
  2399 | D:3      | Gained mutation: You have very sharp fingernails. [demonic
                  | ancestry]
  2399 | D:3      | Reached XP level 5. HP: 10/41 MP: 6/6
  2399 | D:3      | Gained mutation: You are mostly covered in thin metallic
                  | scales. (AC +3) [demonic ancestry]
  2399 | D:3      | Reached XP level 6. HP: 12/47 MP: 7/7
  3365 | D:4      | Gained mutation: You have claws for hands. [demonic
                  | ancestry]
  3365 | D:4      | Reached XP level 7. HP: 16/53 MP: 9/9
  4125 | D:4      | Found a faded altar of an unknown god.
  4125 | D:4      | Found the Hermit's Pendant {Faith Invo=14 Evo=0 MP+5}
  4270 | D:5      | Entered Level 5 of the Dungeon
  4488 | D:5      | Killed from afar by an orc priest

Illustrated notes

Levels and vault maps discovered:
D:1:      denvon_arrival_hothouse, layout_basic, item_on_display_a
D:2:      layout_basic
D:3:      layout_basic, kennysheep_vampire_church, general_overflow_altar,
          uniq_sigmund
D:4:      layout_basic, hellmonk_guarded_unrand_hermit
D:5:      layout_basic

Skill      XL: |  1  2  3  4  5  6  7 |
---------------+----------------------+-----
Axes           | 2 3 4 |  4.5
Shields        | 3 |  3.5
Armour         | 3 |  3.7
Dodging        | 1 2 |  2.2
Spellcasting   | 1 |  1.9
Conjurations   | 1 2 |  2.0
Air Magic      | 1 |  1.6
Fighting       | 4 |  4.1
Throwing       | |  0.7
Stealth        | |  0.1

Action                     |  1- 3 |  4- 6 |  7- 9 || total
---------------------------+-------+-------+-------++-------
  Melee: War axe           |   139 |   128 |    63 ||   330
  Throw: Boomerang         |     9 |    12 |    11 ||    32
         Javelin           |       |       |     6 ||     6
   Cast: Static Discharge  |       |       |     1 ||     1
    Use: Scroll            |       |     9 |       ||     9
         Potion            |       |     1 |       ||     1
 Armour: Scale mail        |    82 |    56 |       ||   138
         Robe              |       |    28 |    23 ||    51
  Dodge: Dodged            |    83 |    95 |    50 ||   228
  Block: Buckler           |    30 |    35 |    22 ||    87

Table legend: (Time is in decaauts)
 A = Elapsed time spent in this place.
 B = Non-inter-level travel time spent in this place.
 C = Inter-level travel time spent in this place.
 D = Time resting spent in this place.
 E = Time spent auto-exploring this place.
 F = Levels seen in this place.
 G = Mean time per level.
                   A        B        C        D        E       F      G
               +--------+--------+--------+--------+--------+-----+--------+
         Total |   4629 |   4484 |    145 |      0 |   3518 |   5 |  925.8 |
       Dungeon |   4629 |   4484 |    145 |      0 |   3518 |   5 |  925.8 |
               +--------+--------+--------+--------+--------+-----+--------+

Top non-repeatable levels by time:
     D:4: 1434 daAuts
     D:3: 1032 daAuts
     D:2: 1016 daAuts
     D:1: 916 daAuts
     D:5: 229 daAuts
